 Dungeon Crawl Stone Soup version 0.26.1-11-gd32895ea62 (webtiles) character file.

Game seed: 1256284465856727402

345 GenialerGandalf the Chopper (level 6, 0/55 HPs)
             Began as a Hill Orc Fighter on Apr 21, 2021.
             Was an Initiate of Beogh.
             Killed from afar by an orc wizard (3 damage)
             ... with a magic dart
             ... on level 4 of the Dungeon.
             The game lasted 00:08:34 (3935 turns).

GenialerGandalf the Chopper (Hill Orc Fighter)      Turns: 3935, Time: 00:08:35

Health: 0/55       AC: 11    Str: 21    XL:     6   Next: 58%
Magic:  6/6        EV:  5    Int:  8    God:    Beogh [......]
Gold:   204        SH:  9    Dex: 10    Spells: 5/5 levels left

rFire    . . .     SeeInvis .   a - +0 war axe
rCold    . . .     Faith    .   c - +0 kite shield
rNeg     . . .     Spirit   .   l - +1 chain mail
rPois    .         Reflect  .   j - +0 helmet
rElec    .         Harm     .   (no cloak)
rCorr    .         Rampage  .   (no gloves)
Will     .....                  (no boots)
Stlth    ..........             (no amulet)
HPRegen  0.18/turn              (no ring)
MPRegen  0.10/turn              (no ring)

@: no status effects
A: no striking features
a: Renounce Religion


You were on level 4 of the Dungeon.
You worshipped Beogh.
Beogh was noncommittal.
You visited 1 branch of the dungeon, and saw 4 of its levels.

You collected 204 gold pieces.

Inventory:

Hand Weapons
 a - a +0 war axe (weapon)
Armour
 b - a +0 scale mail
 c - a +0 kite shield (worn)
 j - a +0 helmet (worn)
 l - a +1 chain mail (worn)
Jewellery
 e - an uncursed amulet of magic regeneration {unknown}
Wands
 n - a wand of paralysis (7)
Scrolls
 f - 5 scrolls of teleportation {unknown}
 g - 2 scrolls of remove curse
 h - 2 scrolls of enchant armour
 i - 2 scrolls of identify
 k - 2 scrolls of amnesia {unknown}
 m - 2 scrolls of magic mapping {unknown}
Potions
 d - a potion of might
 o - a potion of curing {unknown}
 p - a potion of flight {unknown}


   Skills:
 + Level 4.8 Fighting
 + Level 6.5 Axes
 + Level 4.1 Armour
 + Level 0.5 Dodging
 + Level 4.3 Shields


You had 5 spell levels left.
You didn't know any spells.
Your spell library was empty.

Dungeon Overview and Level Annotations

Branches:
Dungeon (4/15)
 Temple: D:4-7

Altars:
Cheibriados
Gozag
The Shining One


Message History

The orc hits you but does no damage.
As you read the scroll labelled JUICHAHANOR, it crumbles to dust.
It is a scroll of identify.
g - 2 scrolls of remove curse The orc wizard hits you but does no damage.
The orc hits you but does no damage.
As you read the scroll labelled WASTRU KAIJEUTZ, it crumbles to dust.
It is a scroll of enchant armour.
Your +0 chain mail glows green for a moment.
The orc wizard hits you but does no damage.
The orc hits you but does no damage. You block the orc wizard's attack.
You see here 5 gold pieces.
The orc wizard points at you and mumbles some strange words.
The magic dart hits you but does no damage.
The orc wizard casts a cantrip, but nothing happens.
The orc wizard gestures at you while chanting.
The magic dart hits you.
You die...
Beogh appreciates the orc wizard's killing of a heretic priest.

#.(.....##.##...#...
#.(.).....$...).####
+..........#....# #
##.........#....#
#.....o...#.$.##
#.........#.###
#........##.#
#...o....####
#.@....!.#
#..........#
##+#####...# ...+
##.+ ##


You could see an orc wizard and an orc.

Vanquished Creatures
  A centaur (D:4)
  Ijyb (D:3)
  An orc wizard (D:3)
  A worker ant (D:4)
  4 gnolls
  3 adders
  4 oozes
  5 worms
  3 dart slugs
  2 leopard geckos
  9 orcs
  4 ball pythons (D:3)
  6 bats
  5 giant cockroaches
  14 goblins
  A hobgoblin (D:1)
  4 jackals
  A quokka (D:3)
  4 frilled lizards
  8 kobolds
  6 rats
87 creatures vanquished.

Vanquished Creatures (others)
  An orc (D:4)
1 creature vanquished.

Grand Total: 88 creatures vanquished

Notes
Turn   | Place    | Note
-------+----------+-------------------------------------------
     0 | D:1      | GenialerGandalf the Hill Orc Fighter began the quest for
                  | the Orb.
     0 | D:1      | Reached XP level 1. HP: 19/19 MP: 1/1
   117 | D:1      | Reached skill level 3 in Axes
   117 | D:1      | Reached XP level 2. HP: 18/27 MP: 2/2
   262 | D:1      | Reached XP level 3. HP: 33/33 MP: 3/3
  1302 | D:2      | Reached XP level 4. HP: 39/40 MP: 4/4
  1338 | D:2      | Found a glowing golden altar of the Shining One.
  2169 | D:3      | Reached skill level 4 in Axes
  2403 | D:3      | Found a snail-covered altar of Cheibriados.
  2438 | D:3      | Found an opulent altar of Gozag.
  2652 | D:3      | Reached XP level 5. HP: 47/47 MP: 5/5
  2666 | D:3      | Reached skill level 5 in Axes
  3292 | D:3      | Noticed Ijyb
  3298 | D:3      | Paralysed by Ijyb for 5 turns
  3308 | D:3      | Killed Ijyb
  3660 | D:4      | Reached XP level 6. HP: 39/53 MP: 6/6
  3760 | D:4      | Reached skill level 6 in Axes
  3888 | D:4      | Became a worshipper of Beogh the Brigand
  3923 | D:4      | HP: 1/55 [orc wizard/puff of flame (8)]
  3935 | D:4      | Killed from afar by an orc wizard

Illustrated notes

Levels and vault maps discovered:
D:1:      minmay_arrival_four_circles, layout_basic
D:2:      minmay_door_path, layout_basic, kennysheep_flooded_box
D:3:      kennysheep_goblin_castle, layout_loops_ring, lemuel_crystal_altar,
          cheibriados_altar_1
D:4:      layout_basic, kennysheep_big_empty_room, uniq_duvessa, uniq_grinder,
          uniq_ijyb, uniq_sigmund

Skill      XL: |  1  2  3  4  5  6 |
---------------+-------------------+-----
Axes           | 3 4 5 6 |  6.5
Fighting       | 4 |  4.8
Shields        | 4 |  4.3
Armour         | 4 |  4.1
Dodging        | |  0.5

Action                   |  1- 3 |  4- 6 || total
-------------------------+-------+-------++-------
Melee: War axe           |    86 |   178 ||   264
Invok: Convert to Beogh  |       |     1 ||     1
  Use: Scroll            |       |     2 ||     2
Armor: Scale mail        |    63 |    18 ||    81
       Chain mail        |       |   100 ||   100
Dodge: Dodged            |    43 |    46 ||    89
Block: Kite shield       |    78 |   101 ||   179
